Map: Moebius Facility XX-1

Players

Tenonee - Winner!

  • Race: Zerg Zerg
  • League: Platinum

lIlIlIlIlIlI - Winner!

  • Race: Zerg Zerg
  • League: Diamond

Darkness

  • Race: Terran Terran

McFukitts

  • Race: Protoss Protoss
  • League: Master

VOD

Have the link to the VOD?

Description

Time

  • Played on: July 26, 2016, 5:50 a.m.
  • Length: 11:13
Show
View Real Time Build Order
Export as new Build Order

Tenonee Zerg - Winner!

Build Orders: Hatch First 

Get SALT Encoding   

  12  0:01  Drone  
  13  0:14  Overlord  
  13  0:18  Drone  
  14  0:34  Drone x2  
  16  0:41  Drone  
  17  0:52  Drone  
  18  1:01  Hatchery  
  17  1:07  Drone  
  18  1:11  Extractor  
  17  1:20  Spawning Pool  
  17  1:24  Drone  
  17  1:37  Drone  
  17  1:38  Drone  
  19  2:07  Overlord  
  19  2:08  Queen  
  19  2:15  Queen  
  23  2:28  Zergling x2  
  23  2:29  Zergling x4  
  26  2:30  Metabolic Boost  
  26  2:44  Queen  
  26  2:50  Queen  
  29  3:24  Roach Warren  
  27  3:32  Drone  
  27  3:33  Drone x8  
  36  3:34  Overlord  
  36  3:35  Overlord  
  36  3:44  Lair  
  36  4:07  Drone x4  
  36  4:08  Drone x3  
  43  4:25  Drone x2  
  43  4:28  Drone x2, Extractor  
  43  4:29  Drone x2  
  48  4:42  Glial Reconstitution  
  48  4:51  Drone x2, Extractor  
  48  4:52  Extractor, Drone  
  49  4:53  Drone x2  
  49  4:54  Drone  
  52  5:08  Overlord x2  
  52  5:09  Overlord  
  52  5:17  Overseer x2  
  52  5:29  Roach x9  
  52  5:30  Roach x2  
  70  5:53  Roach x3  
  70  5:54  Roach  
  70  5:56  Overlord x3  
  76  6:17  Drone x3  
  76  6:18  Drone x2  
  81  6:20  Ravager x3  
  81  6:21  Ravager  
  85  6:40  Roach x8  
  99  6:56  Hatchery  
  86  7:16  Hydralisk Den  
  86  7:20  Ravager x4  
  86  7:21  Ravager  
  76  7:37  Extractor  
  76  7:38  Extractor  
  68  8:00  Drone  
  68  8:01  Drone x3  
  68  8:02  Drone x2  
  71  8:17  Muscular Augments  
  71  8:27  Drone x5  
  71  8:28  Queen  
  71  8:31  Overlord x4  
  75  8:36  Hydralisk x3, Roach x2  
  75  8:37  Roach x2  
  86  8:47  Overlord x2  
  86  8:48  Overlord  
  78  8:56  Hydralisk, Roach x2  
  82  9:06  Spore Crawler  
  82  9:07  Spore Crawler  
  78  9:13  Hydralisk  
  78  9:14  Hydralisk x2, Roach x2  
  88  9:26  Hydralisk x3, Roach  
  88  9:27  Roach x3  
  102  9:33  Evolution Chamber  
  102  9:35  Evolution Chamber  
  99  9:39  Pneumatized Carapace  
  99  9:47  Ravager x3  
  102  9:56  Drone x4  
  102  9:57  Drone x4  
  102  9:59  Hydralisk, Roach  
  114  10:34  Hydralisk  
  114  10:35  Hydralisk x4, Roach x3  
  118  10:36  Roach x2  
Show
View Real Time Build Order
Export as new Build Order

lIlIlIlIlIlI Zerg - Winner!

Build Orders: Pool First, Roach Nydus 

Get SALT Encoding   

  12  0:01  Drone  
  13  0:08  Drone  
  14  0:18  Overlord  
  14  0:29  Extractor x2, Drone  
  14  0:30  Drone  
  16  0:37  Drone  
  17  0:44  Drone  
  18  0:51  Extractor  
  18  0:56  Drone  
  18  1:00  Spawning Pool  
  17  1:13  Drone  
  18  1:25  Hatchery  
  17  1:31  Drone  
  17  1:32  Drone  
  19  1:46  Zergling x2  
  20  1:49  Queen  
  22  1:55  Metabolic Boost  
  22  2:09  Overlord  
  22  2:27  Queen  
  24  2:32  Zergling x6  
  27  2:45  Drone x2  
  29  2:52  Zergling x2  
  27  3:21  Zergling x2  
  27  3:22  Zergling x12  
  34  3:31  Drone  
  34  3:38  Drone  
  34  3:39  Lair  
  35  3:47  Extractor  
  34  3:49  Drone x2  
  34  3:50  Roach Warren  
  35  4:00  Drone  
  35  4:01  Overlord  
  35  4:02  Overlord x2  
  36  4:21  Drone x4  
  36  4:22  Drone x2  
  44  4:31  Roach x4  
  50  4:39  Nydus Network, Roach  
  50  4:42  Drone  
  52  4:46  Extractor  
  52  4:47  Drone x3  
  52  4:48  Extractor  
  53  4:59  Roach x2  
  59  5:00  Roach  
  59  5:06  Drone  
  60  5:15  Nydus Canal  
  57  5:27  Roach x3  
  41  5:57  Drone x6  
  43  6:26  Drone x3  
  36  6:47  Drone x3  
  36  6:48  Drone x2  
  35  7:06  Drone x2  
  35  7:07  Drone x3  
  40  7:26  Spore Crawler  
  40  7:27  Spore Crawler  
  40  7:29  Spore Crawler x2  
  36  7:49  Spore Crawler  
  36  7:52  Roach x6  
  36  7:55  Roach  
  46  8:05  Drone x2  
  48  8:07  Hydralisk Den  
  48  8:08  Drone  
  44  8:31  Hatchery  
  43  8:37  Ravager x3  
  46  8:49  Ravager  
  47  9:12  Drone x9  
  44  9:19  Queen  
  46  9:24  Nydus Canal  
  46  9:25  Hydralisk x2  
  46  9:31  Muscular Augments  
  50  9:36  Hydralisk x2  
  50  9:37  Evolution Chamber  
  53  9:43  Hydralisk x2  
  57  10:14  Drone, Nydus Canal  
  57  10:16  Overlord x5  
  58  10:37  Roach x6  
  70  10:48  Extractor  
  70  10:49  Extractor  
Show
View Real Time Build Order
Export as new Build Order

Darkness Terran 

Build Orders: Reaper Expand, Hellion Banshee, MMM Bio 

Get SALT Encoding   

  12  0:01  SCV  
  13  0:13  SCV  
  14  0:20  Supply Depot  
  14  0:25  SCV  
  15  0:42  SCV  
  16  0:44  Barracks  
  16  0:47  Refinery  
  16  0:56  SCV  
  17  1:09  Supply Depot, SCV  
  18  1:21  SCV  
  19  1:33  Orbital Command  
  19  1:38  Reaper  
  20  1:52  Command Center  
  20  1:59  SCV  
  21  2:14  Factory, SCV  
  22  2:15  Refinery  
  22  2:26  Barracks Reactor  
  22  2:27  SCV  
  23  2:40  SCV  
  24  2:52  SCV  
  25  3:04  SCV  
  25  3:27  SCV  
  25  3:28  Starport  
  25  3:30  Orbital Command  
  25  3:33  Hellion x2  
  30  3:35  Barracks Tech Lab  
  30  3:39  SCV  
  30  3:41  Barracks x2  
  31  3:52  SCV  
  31  3:54  Hellion x2  
  36  4:01  SCV  
  37  4:05  Supply Depot  
  37  4:07  Barracks Tech Lab  
  37  4:12  Banshee, Cloaking Field  
  40  4:18  Hellion  
  40  4:19  Hellion  
  40  4:21  SCV  
  40  4:22  Supply Depot  
  45  4:25  Marine  
  45  4:26  Stimpack  
  46  4:32  Barracks Reactor  
  46  4:33  Barracks Reactor  
  46  4:39  Supply Depot, SCV x2  
  46  4:43  Hellion x2, Marine  
  53  4:51  SCV x2  
  55  4:56  Engineering Bay x2  
  55  5:01  Marine  
  56  5:08  Widow Mine x2  
  56  5:09  SCV  
  61  5:25  SCV  
  60  5:28  SCV  
  61  5:42  SCV  
  60  5:43  Marine  
  58  5:50  Marine x3  
  58  5:52  SCV  
  58  5:54  SCV  
  50  6:00  Marine  
  50  6:04  Marine  
  47  6:07  SCV  
  47  6:08  Marine  
  47  6:10  Marine x2  
  47  6:12  SCV  
  45  6:18  Marine  
  45  6:21  Marine  
  44  6:25  SCV  
  44  6:26  Marine  
  44  6:31  Marine  
  44  6:32  Marine  
  43  6:36  Marine  
  41  6:46  Marine x2  
  42  6:50  Marine x2  
  43  6:54  Marine, Factory  
  43  6:57  SCV  
  45  7:03  Marine  
  45  7:04  Marine  
  45  7:08  Combat Shields, Marine x2  
  41  7:12  Marine, SCV  
  40  7:21  Marine  
  40  7:22  Marine  
  39  7:26  Marine x2  
  39  7:27  Barracks  
  39  7:28  Barracks, Factory  
  38  7:30  Marine  
  38  7:31  Supply Depot  
  38  7:37  Supply Depot  
  35  7:39  Marine  
  35  7:40  Marine  
  35  7:44  Marine  
  36  7:48  Marine x2  
  35  7:59  Marine  
  35  8:01  Marauder  
  35  8:03  SCV  
  38  8:17  Marine  
  39  8:26  Marine  
  38  8:27  Marine  
  38  8:29  Marine x3  
  38  8:30  Marauder  
  39  8:35  Marine  
  30  8:44  Marine  
  30  8:45  Marine  
  26  8:50  Marine  
  26  8:51  Marauder  
  26  8:53  Marine x2  
  26  8:55  Factory Tech Lab  
  30  8:57  Starport, Barracks Reactor  
  30  8:58  SCV  
  30  8:59  Refinery  
  30  9:00  Refinery  
  30  9:02  Marine  
  30  9:03  Marine  
  30  9:12  Marauder  
  30  9:15  Marine x2  
  30  9:16  Marine  
  32  9:20  Marine, SCV  
  34  9:24  Widow Mine x2  
  34  9:25  SCV  
  34  9:28  Bunker  
  34  9:29  Siege Tank  
  42  9:32  SCV  
  42  9:37  SCV  
  42  9:38  Supply Depot  
  44  9:39  Supply Depot, Marine x2  
  44  9:40  Supply Depot  
  44  9:42  Marine x2  
  44  9:44  SCV  
  44  9:45  Marine  
  49  9:46  Medivac x2  
  54  9:59  Missile Turret x2, SCV  
  55  10:06  SCV  
  53  10:19  Marine  
  53  10:26  Marine x2  
  54  10:34  Marine x2  
  54  10:35  Marauder  
  52  10:41  Marine x2  
  49  10:48  Marine x2  
  53  10:52  Marine x2  
Show
View Real Time Build Order
Export as new Build Order

McFukitts Protoss 

Build Orders: Forge Fast Expand (FFE) 

Get SALT Encoding   

  12  0:01  Probe (Chrono Boost)  
  13  0:11  Probe (Chrono Boost)  
  14  0:22  Pylon  
  14  0:24  Probe (Chrono Boost)  
  15  0:40  Probe (Chrono Boost)  
  16  0:48  Forge  
  16  0:51  Probe (Chrono Boost)  
  17  1:01  Probe (Chrono Boost)  
  18  1:23  Nexus  
  18  1:50  Probe (Chrono Boost)  
  19  1:57  Gateway  
  19  2:00  Pylon  
  19  2:03  Assimilator  
  19  2:09  Assimilator  
  19  2:20  Pylon  
  19  2:24  Probe (Chrono Boost)  
  20  2:34  Photon Cannon  
  20  2:35  Probe (Chrono Boost)  
  21  2:40  Photon Cannon  
  20  2:44  Photon Cannon  
  20  2:56  Photon Cannon  
  20  3:07  Pylon  
  19  3:26  Probe x2 (Chrono Boost)  
  21  3:35  Cybernetics Core  
  21  3:37  Probe x2 (Chrono Boost)  
  23  3:47  Probe (Chrono Boost)  
  23  3:48  Probe (Chrono Boost)  
  25  3:58  Probe (Chrono Boost)  
  25  4:02  Pylon  
  26  4:12  Stargate  
  26  4:14  Stargate  
  26  4:16  Pylon  
  26  4:19  Pylon  
  26  4:22  Stargate  
  26  4:23  Probe (Chrono Boost)  
  27  4:25  Probe (Chrono Boost)  
  28  4:33  Probe (Chrono Boost)  
  28  4:35  Probe (Chrono Boost)  
  30  4:42  Assimilator  
  30  4:44  Probe (Chrono Boost)  
  31  4:48  Assimilator  
  31  4:51  Pylon  
  32  4:53  Phoenix  
  32  4:57  Phoenix  
  33  5:04  Probe (Chrono Boost)  
  36  5:10  Probe (Chrono Boost)  
  37  5:16  Probe (Chrono Boost)  
  39  5:22  Probe (Chrono Boost)  
  43  5:30  Void Ray  
  33  5:54  Void Ray  
  28  6:03  Probe x2 (Chrono Boost)  
  29  6:49  Void Ray  
  33  7:07  Probe (Chrono Boost)  
  35  7:08  Probe (Chrono Boost)  
  35  7:17  Probe (Chrono Boost)  
  35  7:20  Probe (Chrono Boost)  
  37  7:28  Probe (Chrono Boost)  
  38  7:33  Probe (Chrono Boost)  
  39  7:38  Probe (Chrono Boost)  
Tags
 
Add a new tag
Caveats
  • Supply blocks, unpowered buildings, or Contaminate may cause inaccurate times.
  • Supply counts are checked every 10 seconds.